 Dungeon Crawl Stone Soup version 0.30-a0-743-gbfdf073431 (webtiles) character file.

Game seed: 16735582701692335810

49 jimonade the Sneak (level 3, -5/21 HPs)
             Began as a Vampire Brigand on Feb 6, 2023.
             Slain by Terence
             ... wielding a +0 morningstar
              (10 damage)
             ... on level 2 of the Dungeon.
             The game lasted 00:02:24 (911 turns).

jimonade the Sneak (Vampire Brigand)                 Turns: 911, Time: 00:02:24

Health: -5/21      AC:  5    Str: 10    XL:     3   Next: 51%
Magic:  3/3        EV: 12    Int: 13    God:
Gold:   77         SH:  0    Dex: 17    Spells: 2/2 levels left

rFire   . . .      SeeInvis +    j - +1 whip (venom)
rCold   + + .      Faith    .    (no shield)
rNeg    + + +      Spirit   .    b - +0 robe
rPois   ∞          Reflect  .    (no helmet)
rElec   .          Harm     .    c - +0 cloak
rCorr   .          Rampage  .    m - +1 pair of gloves
Will    .....                    (no boots)
Stlth   ++++++                   h - amulet of the acrobat
HPRegen 0.00/turn                (no ring)
MPRegen 0.08/turn                (no ring)

@: bloodless, inhibited regen
A: bloodless, fangs 3, see invisible, vampiric 2
a: Bat Form, Revivify


You were on level 2 of the Dungeon.
You visited 1 branch of the dungeon, and saw 2 of its levels.

You collected 77 gold pieces.

Inventory:

Hand Weapons
 a - a +2 dagger
 j - a +1 whip of venom (weapon)
Missiles
 d - 9 poisoned darts (quivered)
 e - 3 curare-tipped darts
 k - 5 javelins
Armour
 b - a +0 robe (worn)
 c - a +0 cloak (worn)
 m - a +1 pair of gloves (worn)
 n - a +0 ring mail
Jewellery
 h - an amulet of the acrobat (around neck)
Scrolls
 f - a scroll of silence {unknown}
 g - 2 scrolls of teleportation {unknown}
 i - a scroll of identify {unknown}
 l - a scroll of immolation {unknown}
 p - 2 scrolls of noise {unknown}
 r - a scroll of butterflies {unknown}
Potions
 o - a potion of flight {unknown}
 q - a potion of curing {unknown}


   Skills:
 + Level 2.0 Fighting
 - Level 2.3 Short Blades
 * Level 0.9 Maces & Flails
 - Level 1.5 Throwing
 + Level 1.3 Dodging
 + Level 7.2 Stealth


You had 2 spell levels left.
You didn't know any spells.
Your spell library was empty.

Dungeon Overview and Level Annotations

Branches:
Dungeon (2/15)

Altars:
Makhleb

Annotations:
D:2 Terence


Innate Abilities, Weirdness & Mutations

You do not regenerate when monsters are visible.
You are frail without blood (-20% HP).
You can heal yourself when you bite living creatures.
You are immune to poison.
You have razor-sharp teeth.
You have supernaturally acute eyesight. (SInv)
You are afflicted with vampirism and can become a bat while bloodless.


Message History

An endoplasm comes into view.
A hobgoblin comes into view.
The helpless hobgoblin fails to defend itself.
You bite the hobgoblin, and draw its blood!
You whack the hobgoblin!
You kill the hobgoblin!
The helpless endoplasm fails to defend itself.
You whack the endoplasm!
You kill the endoplasm!
No target in view!
r - a scroll labelled CEHUNN CAMPAIL A worm and a hobgoblin come into view.
Terence and a ball python come into view.
Terence is wielding a +0 morningstar and wearing a +4 scale mail of cold resistance.
Terence shouts!
The ball python hisses angrily.
The hobgoblin shouts!
Terence completely misses you.
You barely miss Terence. Terence hits you with a +0 morningstar.
The ball python attacks as you move away!
The ball python bites you.
The ball python attacks as you move away!
The ball python bites you. The ball python completely misses you.
The hobgoblin attacks as you move away! The hobgoblin completely misses you.
The ball python bites you. The ball python grabs you.
The ball python constricts you.
You escape the ball python's grasp.
You barely miss the hobgoblin. The hobgoblin misses you.
You hit the hobgoblin but do no damage.
The hobgoblin is poisoned.
The hobgoblin closely misses you.
You hit the hobgoblin.
The hobgoblin looks as sick as possible!
The hobgoblin is severely wounded.
You kill the hobgoblin!
You hit the ball python.
You kill the ball python!
You barely miss Terence. Terence hits you with a +0 morningstar.
* * * LOW HITPOINT WARNING * * *
You hit Terence.
Terence is poisoned.
Terence is lightly wounded.
Terence hits you with a +0 morningstar!
You die...

#............#
.............# #.......#
.............# #.......#
#............# #.......#
#............# #.......#
.............# #.......####
#............# #...........
#......##+##.#####........#
......##.......@@w.......#
............#######...#...
###........# #...#
#........# #...# ###
#........# #...# ..#
#........# #.### #.#
#........## #..
..####.........######## #
......†.................#


You could see Terence (very poisoned) and a worm.

Vanquished Creatures
  An adder (D:2)
  A dart slug (D:1)
  3 bats (D:1)
  7 endoplasms
  A goblin (D:1)
  4 hobgoblins
  A jackal (D:1)
  4 quokkas (D:1)
  4 ball pythons
  A frilled lizard (D:2)
  4 kobolds (D:1)
  3 rats
34 creatures vanquished.

Notes
Turn   | Place    | Note
-------+----------+-------------------------------------------
     0 | D:1      | jimonade the Vampire Brigand began the quest for the Orb.
     0 | D:1      | Reached XP level 1. HP: 16/16 MP: 1/1
    19 | D:1      | Reached skill level 6 in Stealth
   115 | D:1      | Reached XP level 2. HP: 21/22 MP: 2/2
   584 | D:1      | Gained mutation: You are afflicted with vampirism and can
                  | become a bat while bloodless. [Vampire growth]
   584 | D:1      | Reached XP level 3. HP: 16/21 MP: 3/3
   780 | D:2      | Found a burning altar of Makhleb.
   788 | D:2      | Reached skill level 7 in Stealth
   898 | D:2      | Noticed Terence
   911 | D:2      | Slain by Terence

Illustrated notes

Levels and vault maps discovered:
D:1:      lemuel_arrival_cross, layout_basic, minmay_tripent
D:2:      layout_basic, basic_altar, uniq_robin, uniq_terence

Skill      XL: |  1  2  3 |
---------------+----------+-----
Stealth        | 6 7 |  7.2
Fighting       | 2 |  2.0
Short Blades   | |  2.3
Maces & Flails | |  0.9
Throwing       | |  1.5
Dodging        | |  1.3

Action                     || total
---------------------------++-------
  Melee: Dagger            ||    30
         Bite              ||     5
         Whip              ||    43
Ability: Exsanguinate      ||     1
   Stab: Sleeping          ||    20
 Armour: Robe              ||    10
  Dodge: Dodged            ||    34

Table legend: (Time is in decaauts)
 A = Elapsed time spent in this place.
 B = Non-inter-level travel time spent in this place.
 C = Inter-level travel time spent in this place.
 D = Time resting spent in this place.
 E = Time spent auto-exploring this place.
 F = Levels seen in this place.
 G = Mean time per level.
                   A        B        C        D        E       F      G
               +--------+--------+--------+--------+--------+-----+--------+
         Total |    910 |    888 |     22 |      0 |    607 |   2 |  455.0 |
       Dungeon |    910 |    888 |     22 |      0 |    607 |   2 |  455.0 |
               +--------+--------+--------+--------+--------+-----+--------+

Top non-repeatable levels by time:
     D:1: 762 daAuts
     D:2: 148 daAuts
